 Dungeon Crawl Stone Soup version 0.25-a0-517-gf8b3a32422 (webtiles) character file.

Game seed: 7507300047791412415, levelgen mode: deterministic

392 drasked the Chiller (level 6, 0/32 HPs)
             Began as a Deep Elf Ice Elementalist on Feb 18, 2020.
             Killed from afar by an orc wizard (7 damage)
             ... with a magic dart
             ... on level 4 of the Dungeon.
             The game lasted 00:09:49 (3987 turns).

drasked the Chiller (Deep Elf Ice Elementalist)     Turns: 3987, Time: 00:09:49

Health: 0/32       AC:  2    Str:  5    XL:     6   Next: 51%
Magic:  2/12       EV: 13    Int: 22    God:
Gold:   218        SH:  0    Dex: 15    Spells: 3/11 levels left

rFire    . . .     SeeInvis .   b - +0 hand axe (vorpal)
rCold    . . .     Gourm    .   (no shield)
rNeg     . . .     Faith    .   a - +0 robe
rPois    .         Spirit   .   (no helmet)
rElec    .         Reflect  .   (no cloak)
rCorr    .         Harm     .   (no gloves)
MR       .....                  (no boots)
Stlth    ++........             (no amulet)
HPRegen  0.10/turn              (no ring)
MPRegen  0.13/turn              (no ring)

@: no status effects
A: no striking features
a: no special abilities


You were on level 4 of the Dungeon.
You were hungry.

You visited 1 branch of the dungeon, and saw 4 of its levels.

You collected 218 gold pieces.

Inventory:

Hand Weapons
 b - a +0 vorpal hand axe (weapon)
   (You found it on level 1 of the Dungeon)
Missiles
 f - 2 throwing nets {=f, !d=f}
 o - 14 poisoned darts
 Q - 215 stones (quivered)
Armour
 a - a +0 robe (worn)
Jewellery
 t - a +2 ring of evasion {unknown}
   (You found it on level 3 of the Dungeon)
 F - an uncursed ring of protection from fire {rF+, !d}
   (You took it off Sigmund on level 4 of the Dungeon)
Scrolls
 c - a scroll of identify {unknown}
 d - 2 scrolls of immolation {unknown}
 i - 4 scrolls of remove curse {unknown}
 k - 2 scrolls of noise {unknown}
 l - 2 scrolls of teleportation {unknown}
 m - 2 scrolls of enchant armour {unknown}
 p - a scroll of amnesia {unknown}
 q - a scroll of random uselessness {unknown}
Potions
 g - 2 potions of mutation {unknown}
 h - a potion of degeneration {unknown}
 j - 5 potions of curing {unknown}
 n - a potion of lignification {unknown}
 r - a potion of ambrosia {unknown}
 s - a potion of magic {unknown}
 v - a potion of might {unknown}
Comestibles
 e - 3 rations
 u - 2 chunks of flesh {@w0}


   Skills:
 - Level 2.4 Dodging
 - Level 2.4 Stealth
 - Level 3.0 Spellcasting
 + Level 3.9 Summonings
 + Level 7.6 Ice Magic


You had 3 spell levels left.
You knew the following spells:

 Your Spells              Type           Power        Failure   Level  Hunger
a - Freeze                Ice            ####         1%          1    None
b - Frozen Ramparts       Ice            #####.       1%          3    ###....
c - Summon Ice Beast      Ice/Summ       ####....     12%         4    ####...

Your spell library contained the following spells:

 Spells                   Type           Power        Failure   Level  Hunger
 Ozocubu's Armour         Chrm/Ice       ###.....     8%          3    ###....
 Hailstorm                Conj/Ice       ###.....     26%         4    ####...


Dungeon Overview and Level Annotations

Branches:
Dungeon (4/15)
 Temple: D:4-7

Altars:
Qazlal


Message History

You feel clever.
You swap places.
The frozen ramparts melt away.
F - an uncursed ring of protection from fire {rF+, !d}
v - a murky white potion
Things that are here:
a +0 scythe; a +0 robe You start resting.
An orc priest comes into view. It is wielding a +0 flail.
An orc wizard comes into view. It is wielding a +0 dagger.
What are your orders? t - Shout!
Orders for allies: a - Attack new target. r - Retreat! s - Stop attacking. g - Guard the area. f - Follow me.
Anything else - Cancel.
Gang up on whom?
Aim: an orc priest, wielding a +0 flail Attack!
The orc priest mumbles some strange prayers to Beogh against you.
Beogh smites you!
* * * LOW HITPOINT WARNING * * *
The orc wizard mumbles some strange words.
The orc wizard flickers and vanishes!
Deactivating autopickup; reactivate with Ctrl-A.
The walls around you are covered in icicles.
* * * LOW MAGIC WARNING * * *
You are feeling hungry.
The orc priest barely misses your ice beast.
Your ice beast freezes the orc priest!
Something hits your ice beast.
The frozen ramparts melt away.
Your ice beast is smitten.
An orc comes into view. It is wielding a -3 club.
Something hits your ice beast but does no damage.
What are your orders? t - Shout!
Orders for allies: a - Attack new target. p - Attack previous target. r - Retreat! s - Stop attacking. g - Guard the area. f - Follow me.
Anything else - Cancel.
Gang up on whom?
Aim: an orc priest, wielding a +0 flail (heavily wounded) Attack!
An orc comes into view. It is wielding a +0 hand axe.
Something hits your ice beast.
Your ice beast freezes the orc priest!
The orc priest dies!
What are your orders? t - Shout!
Orders for allies: a - Attack new target. r - Retreat! s - Stop attacking. g - Guard the area. f - Follow me.
Anything else - Cancel.
Gang up on whom?
Aim: an orc, wielding a -3 club Attack!
The orc throws a boomerang.
The boomerang closely misses your ice beast.
The weapon returns to the orc!
Something hits your ice beast but does no damage.
The orc hits your ice beast with a cursed -3 club.
The orc throws a boomerang.
The boomerang closely misses your ice beast.
The weapon returns to the orc!
Something barely misses your ice beast.
Something hits your ice beast but does no damage.
Your ice beast freezes the orc!
The orc dies!
What are your orders? t - Shout!
Orders for allies: a - Attack new target. r - Retreat! s - Stop attacking. g - Guard the area. f - Follow me.
Anything else - Cancel.
Gang up on whom?
Aim: an orc, wielding a +0 hand axe and quivering 3 boomerangs Attack!
The orc throws a boomerang.
The weapon returns to the orc!
A puff of flame appears from out of thin air!
The puff of flame hits your ice beast!
Your ice beast melts!
Your ice beast dies!
The orc throws a boomerang.
The boomerang hits you.
* * * LOW HITPOINT WARNING * * *
The weapon returns to the orc!
The walls around you are covered in icicles.
* * * LOW MAGIC WARNING * * *
The orc throws a boomerang.
The boomerang hits you.
* * * LOW HITPOINT WARNING * * *
The weapon returns to the orc!
The walls release a blast of icicles at something!
The walls release a blast of icicles at something!
You are confused.
The walls release a blast of icicles at something!
You bump into the rock wall.
You feel less confused.
The frozen ramparts melt away.
The orc throws a boomerang.
The boomerang barely misses you.
The weapon returns to the orc!
The orc throws a boomerang.
The boomerang closely misses you.
The orc wizard points at you and mumbles some strange words.
The magic dart hits you!
You die...

#..... #.# .. #.# #.#
#.# #############.#
#...o.......#.#
#.#########.#.#
#######.#########.#.#
o.............o.@.#.#
#######.########..#.#
#.....# #..#.#
##.##########..#.#
.#.#................#
.........#....<######
.#.##.##.#.####...#
#.#####.#)####)#.#
#............)...#


You could see an orc wizard.

Levels and vault maps discovered:
D:1:      scummos_arrival_forest, layout_loops_ring
D:2:      layout_rooms
D:3:      layout_basic, grunt_qazlal_sundering
D:4:      layout_basic, minmay_temple_entry_junction, first_ration, st_stairs_6,
          uniq_sigmund

Notes
Turn   | Place    | Note
-------+----------+-------------------------------------------
     0 | D:1      | drasked the Deep Elf Ice Elementalist began the quest for
                  | the Orb.
     0 | D:1      | Reached XP level 1. HP: 10/10 MP: 6/6
    34 | D:1      | Identified a +0 vorpal hand axe (You found it on level 1 of
                  | the Dungeon)
    75 | D:1      | Identified a cursed -2 whip
   159 | D:1      | Identified a +0 club
   183 | D:1      | Identified a +0 club
   193 | D:1      | Reached XP level 2. HP: 15/15 MP: 4/8
   203 | D:1      | Identified a +0 dagger
   274 | D:1      | Identified a cursed +0 short sword
   278 | D:1      | Reached skill level 5 in Ice Magic
   298 | D:1      | Identified a +0 dagger
   301 | D:1      | Identified a +0 dagger
   769 | D:1      | Identified a +0 dagger
   776 | D:1      | Reached XP level 3. HP: 19/19 MP: 7/9
  1108 | D:2      | Identified a +0 club
  1333 | D:2      | Identified a +0 club
  1450 | D:2      | Reached skill level 6 in Ice Magic
  1519 | D:2      | Learned a level 3 spell: Frozen Ramparts
  1794 | D:2      | Identified a +0 mace
  1796 | D:2      | Identified a +0 club
  1806 | D:2      | Reached XP level 4. HP: 24/24 MP: 8/10
  2119 | D:2      | Identified a +0 club
  2219 | D:3      | Learned a level 4 spell: Summon Ice Beast
  2253 | D:3      | Identified a +0 club
  2342 | D:3      | Identified a +1 short sword of venom
  2451 | D:3      | Identified a +0 club
  2473 | D:3      | Identified a cursed -1 dagger
  2475 | D:3      | Identified a +0 dagger
  2718 | D:3      | Identified a +0 club
  2724 | D:3      | Identified a +0 short sword
  2731 | D:3      | Reached skill level 1 in Summonings
  2995 | D:3      | Found a stormy altar of Qazlal.
  3339 | D:3      | Reached skill level 2 in Summonings
  3339 | D:3      | Reached XP level 5. HP: 13/28 MP: 4/11
  3658 | D:4      | Identified a +0 short sword
  3658 | D:4      | Identified a +0 leather armour
  3661 | D:4      | Identified a +0 falchion
  3668 | D:4      | Identified a +0 hand axe
  3915 | D:4      | Reached skill level 7 in Ice Magic
  3927 | D:4      | Identified a +0 scythe
  3927 | D:4      | Identified a +0 robe
  3927 | D:4      | Identified an uncursed ring of protection from fire
  3927 | D:4      | Noticed Sigmund
  3937 | D:4      | Killed Sigmund
  3937 | D:4      | Reached skill level 3 in Summonings
  3937 | D:4      | Reached XP level 6. HP: 23/32 MP: 2/12
  3943 | D:4      | Identified a +0 flail
  3943 | D:4      | Identified a +0 dagger
  3943 | D:4      | Identified a +0 robe
  3961 | D:4      | Identified a cursed -3 club
  3962 | D:4      | Identified a +0 hand axe
  3969 | D:4      | HP: 5/32 [orc/boomerang (4)]
  3987 | D:4      | Killed from afar by an orc wizard

Table legend:
 A = Turns spent in this place as a percentage of turns spent in the entire game.
 B = Non-inter-level travel turns spent in this place as a percentage of non-inter-level travel turns spent in the entire game.
 C = Inter-level travel turns spent in this place as a percentage of turns spent in this place.
 D = Turns resting spent in this place as a percentage of non-inter-level travel turns spent in this place.
 E = Turns spent auto-exploring this place as a percentage of non-inter-level travel turns spent in this place.
 F = Non-inter-level travel turns spent in this place divided by the number of levels of this place that you've seen.
                   A       B       C       D       E      F
               +-------+-------+-------+-------+-------+----------------------
         Total | 100.0 | 100.0 |   1.4 |  38.6 |  46.3 | 982.5
       Dungeon | 100.0 | 100.0 |   1.4 |  38.6 |  46.3 | 982.5
               +-------+-------+-------+-------+-------+----------------------

Table legend:
 A = Kills in this place as a percentage of kills in entire the game.
 B = Kills by you in this place as a percentage of kills by you in the entire game.
 C = Kills by friends in this place as a percentage of kills by friends in the entire game.
 D = Other kills in this place as a percentage of other kills in the entire game.
 E = Experience gained in this place as a percentage of experience gained in the entire game.
 F = Experience gained in this place divided by the number of levels of this place that you have seen.
                   A       B       C       D       E      F
               +-------+-------+-------+-------+-------+----------------------
         Total | 100.0 | 100.0 | 100.0 |   N/A | 100.0 | 140.2
       Dungeon | 100.0 | 100.0 | 100.0 |   N/A | 100.0 | 140.2
               +-------+-------+-------+-------+-------+----------------------

Skill      XL: |  1  2  3  4  5 |
---------------+----------------+-----
Ice Magic      | 5 6 7 |  7.6
Summonings     | 2 3 |  3.9
Dodging        | |  2.4
Stealth        | |  2.4
Spellcasting   | |  3.0

Action                   |  1- 3 |  4- 6 || total
-------------------------+-------+-------++-------
Melee: Hand axe          |     2 |     1 ||     3
Throw: Stone             |   126 |    84 ||   210
 Cast: Freeze            |    68 |    59 ||   127
       Frozen Ramparts   |     2 |     3 ||     5
       Summon Ice Beast  |       |     1 ||     1
  Eat: Chunk             |     3 |     6 ||     9
Armor: Robe              |    10 |     5 ||    15
Dodge: Dodged            |    34 |    34 ||    68

Vanquished Creatures
  Sigmund (D:4)
  A scorpion (D:3)
  A howler monkey (D:4)
  4 adders
  3 worms
  3 dart slugs (D:1)
  A leopard gecko (D:3)
  3 orcs (D:4)
  5 giant cockroaches
  6 hobgoblins
  11 jackals
  2 quokkas
  2 ball pythons
  8 bats
  6 frilled lizards
  10 goblins
  11 kobolds
  11 rats
89 creatures vanquished.

Vanquished Creatures (collateral kills)
  An orc priest (D:4)
  An orc (D:4)
2 creatures vanquished.

Grand Total: 91 creatures vanquished
